 Dungeon Crawl Stone Soup version 0.26-a0-854-gdc81c2f471 (webtiles) character file.

Game seed: 9108834472204141875

21 sahdkjhfkaj the Skirmisher (level 2, 0/24 HPs)
             Began as a Demonspawn Fighter on Nov 22, 2020.
             Slain by a kobold (2 damage)
             ... on level 2 of the Dungeon.
             The game lasted 00:00:44 (925 turns).

sahdkjhfkaj the Skirmisher (Demonspawn Fighter)      Turns: 925, Time: 00:00:44

Health: 0/24       AC:  8    Str: 16    XL:     2   Next: 65%
Magic:  2/2        EV:  6    Int:  9    God:
Gold:   72         SH:  8    Dex: 12    Spells: 1/1 levels left

rFire    . . .     SeeInvis .   a - +0 war axe
rCold    . . .     Faith    .   c - +0 kite shield
rNeg     . . .     Spirit   .   b - +0 scale mail
rPois    .         Reflect  .   (no helmet)
rElec    .         Harm     .   (no cloak)
rCorr    .         Rampage  .   (no gloves)
MR       .....                  (no boots)
Stlth    ..........             (no amulet)
HPRegen  0.08/turn              (no ring)
MPRegen  0.08/turn              (no ring)

@: no status effects
A: yellow scales 1
a: no special abilities


You were on level 2 of the Dungeon.
You visited 1 branch of the dungeon, and saw 2 of its levels.

You collected 72 gold pieces.

Inventory:

Hand Weapons
 a - a +0 war axe (weapon)
Armour
 b - a +0 scale mail (worn)
 c - a +0 kite shield (worn)
Jewellery
 g - an uncursed ring of protection from cold {unknown}
Scrolls
 e - a scroll of immolation {unknown}
 f - a scroll of teleportation {unknown}
 h - a scroll of fear {unknown}
 k - a scroll of enchant weapon {unknown}
 l - a scroll of fog {unknown}
Potions
 d - 2 potions of might
 i - a potion of ambrosia {unknown}
 j - a potion of berserk rage {unknown}
 m - a potion of mutation {unknown}


   Skills:
 - Level 3.0 Fighting
 + Level 3.0 Axes
 - Level 2.6 Armour
 - Level 2.6 Shields


You had one spell level left.
You didn't know any spells.
Your spell library was empty.

Dungeon Overview and Level Annotations

Branches:
Dungeon (2/15)

Altars:


Innate Abilities, Weirdness & Mutations

You are partially covered in yellow scales. (AC +2)


Message History

You block the kobold's attack. The kobold hits you but does no damage.
You block the kobold's attack. The kobold hits you but does no damage.
You block the kobold's attack. The kobold barely misses you.
The kobold barely misses you. You block the kobold's attack.
The kobold barely misses you. The kobold hits you.
* * * LOW HITPOINT WARNING * * *
The kobold hits you but does no damage. The kobold closely misses you.
You block the kobold's attack. You block the kobold's attack.
The kobold barely misses you. The kobold hits you but does no damage.
You block the kobold's attack. The kobold hits you.
You die...

. .# ####.#
#....# #....
#########..♣
........#.♣
##@K.♣ #..(.♣#
###.....♣♣♣
+.<.........
#...+#####...
#....†.+ ..
##...?... .
........$..
###...........


You could see a kobold.

Vanquished Creatures
  An adder (D:2)
  A goblin (D:1)
  3 hobgoblins
  3 jackals (D:1)
  A bat (D:1)
  A kobold (D:1)
  2 rats (D:1)
12 creatures vanquished.

Notes
Turn   | Place    | Note
-------+----------+-------------------------------------------
     0 | D:1      | sahdkjhfkaj the Demonspawn Fighter began the quest for the
                  | Orb.
     0 | D:1      | Reached XP level 1. HP: 18/18 MP: 1/1
   208 | D:1      | Gained mutation: You are partially covered in yellow
                  | scales. (AC +2) [demonic ancestry]
   208 | D:1      | Reached XP level 2. HP: 24/24 MP: 2/2
   917 | D:2      | HP: 1/24 [kobold (3)]
   925 | D:2      | Slain by a kobold

Illustrated notes

Levels and vault maps discovered:
D:1:      lemuel_arrival_cross, layout_basic, minmay_misc_feat_tower,
          grunt_decor_one_mirror
D:2:      layout_basic, chequers_serial_rivers_small_b, serial_park_tiny_2,
          minmay_stone_trees_small

Skill      XL: |  1  2 |
---------------+-------+-----
Axes           | 2 3 |  3.0
Fighting       | |  3.0
Armour         | |  2.6
Shields        | |  2.6

Action                   || total
-------------------------++-------
Melee: War axe           ||    41
Armor: Scale mail        ||    34
Dodge: Dodged            ||    26
Block: Kite shield       ||    41

Table legend: (Time is in decaauts)
 A = Elapsed time spent in this place.
 B = Non-inter-level travel time spent in this place.
 C = Inter-level travel time spent in this place.
 D = Time resting spent in this place.
 E = Time spent auto-exploring this place.
 F = Levels seen in this place.
 G = Mean time per level.
                   A        B        C        D        E       F      G
               +--------+--------+--------+--------+--------+-----+--------+
         Total |    945 |    927 |     18 |      0 |    786 |   2 |  472.5 |
       Dungeon |    945 |    927 |     18 |      0 |    786 |   2 |  472.5 |
               +--------+--------+--------+--------+--------+-----+--------+

Top non-repeatable levels by time:
     D:1: 871 daAuts
     D:2: 73 daAuts
